 Dungeon Crawl Stone Soup version 0.29-a0-251-g80730f7218 (webtiles) character file.

Game seed: 13261135915473108716

204 jfcaron the Bolt Thrower (level 5, -14/45 HPs)
             Began as a Deep Dwarf Arcane Marksman on Mar 6, 2022.
             Demolished by an ogre
             ... wielding a +0 giant club
              (16 damage)
             ... on level 4 of the Dungeon.
             The game lasted 00:09:14 (2637 turns).

jfcaron the Bolt Thrower (DDAM)                     Turns: 2637, Time: 00:09:15

Health: -14/45     AC: 10    Str: 15    XL:     5   Next: 52%
Magic:  5/5        EV:  7    Int: 14    God:
Gold:   139        SH:  0    Dex: 13    Spells: 6/7 levels left

rFire   . . .      SeeInvis +   a - +0 hand crossbow
rCold   . . .      Faith    .   (no shield)
rNeg    . . .      Spirit   .   s - +0 chain mail
rPois   .          Reflect  .   (no helmet)
rElec   .          Harm     .   (no cloak)
rCorr   .          Rampage  .   v - +0 pair of gloves
Will    .....                   (no boots)
Stlth   ..........              D - amulet of the acrobat
HPRegen 0.00/turn               C - ring of flight
MPRegen 0.09/turn               E - ring of see invisible

@: flying
A: damage resistance, heal wounds, sense surroundings 1, no regeneration
a: Heal Wounds


You were on level 4 of the Dungeon.
You visited 1 branch of the dungeon, and saw 4 of its levels.

You collected 139 gold pieces.

Inventory:

Hand Weapons
 a - a +0 hand crossbow (weapon)
Missiles
 l - 6 javelins
 B - 2 atropa-tipped darts
Armour
 b - a +0 robe
 d - a +0 ring mail
 s - a +0 chain mail (worn)
 v - a +0 pair of gloves (worn)
Jewellery
 p - an amulet of reflection
 C - a ring of flight (left hand)
 D - an amulet of the acrobat (around neck)
 E - a ring of see invisible (right hand)
Scrolls
 c - 2 scrolls of teleportation {unknown}
 e - a scroll of fog {unknown}
 f - a scroll of silence {unknown}
 g - a scroll of torment {unknown}
 h - 3 scrolls of identify {unknown}
 n - 2 scrolls of immolation {unknown}
 q - a scroll of enchant armour {unknown}
 t - a scroll of summoning {unknown}
 u - 2 scrolls of noise {unknown}
 w - a scroll of enchant weapon {unknown}
 y - a scroll of brand weapon {unknown}
 A - a scroll of acquirement {unknown}
Potions
 i - a potion of curing {unknown}
 j - a potion of mutation {unknown}
 m - a potion of cancellation {unknown}
 o - a potion of haste {unknown}
 r - 2 potions of experience {unknown}
 x - a potion of flight {unknown}
 z - a potion of might {unknown}


   Skills:
 - Level 2.0 Fighting
 + Level 4.1 Crossbows
 + Level 2.6 Armour
 - Level 2.1 Dodging
 - Level 1.7 Spellcasting
 - Level 3.0 Hexes


You had 6 spell levels left.
You knew the following spells:

 Your Spells              Type           Power      Damage    Failure   Level
a - Slow                  Hex            36%        N/A       83%         1

Your spell library contained the following spells:

 Spells                   Type           Power      Damage    Failure   Level
 Ensorcelled Hibernation  Hex/Ice        10%        N/A       99%         2
 Tukima's Dance           Hex            9%         N/A       99%         3
 Inner Flame              Hex/Fire       5%         N/A       100%        3
 Portal Projectile        Hex/Tloc       10%        N/A       100%        3
 Spider Form              Tmut/Pois      1%         N/A       100%        3
 Anguish                  Hex/Necr       2%         N/A       100%        4
 Cause Fear               Hex            4%         N/A       100%        4
 Enfeeble                 Hex            4%         N/A       100%        7


Dungeon Overview and Level Annotations

Branches:
Dungeon (4/15)
 Temple: D:4-7

Altars:
Okawaru


Innate Abilities, Weirdness & Mutations

You are resistant to damage.
You can heal yourself by infusing magical energy.
You passively map a small area around you.
You do not regenerate.


Message History

The ogre struggles against the net. x2
You shoot a bolt. The bolt hits the ogre.
The ogre is moderately wounded.
The ogre struggles against the net. x2
You shoot a bolt. The bolt hits the ogre.
The ogre is heavily wounded.
The ogre struggles against the net.
The net rips apart, and the ogre comes free!
You shoot a bolt. The bolt hits the ogre.
The ogre is severely wounded.
You shoot a bolt. The bolt hits the ogre.
The ogre is severely wounded.
You shoot a bolt. The bolt barely misses the ogre.
The ogre barely misses you.
Shoot: a) +0 hand crossbow
Press: ? - help, Q - select action, (/) - cycle Shift-Dir - straight line, f/p - ogre
Aim: an ogre, wielding a +0 giant club (severely wounded, 76% to hit)
You shoot a bolt. The bolt hits the ogre.
The ogre is severely wounded.
The ogre hits you with a +0 giant club. The ogre hits you but does no damage.
Shoot: a) +0 hand crossbow
Press: ? - help, Q - select action, (/) - cycle Shift-Dir - straight line, f/p - ogre
Aim: an ogre, wielding a +0 giant club (severely wounded, 76% to hit)
You shoot a bolt. The bolt barely misses the ogre.
The ogre closely misses you.
Shoot: a) +0 hand crossbow
Press: ? - help, Q - select action, (/) - cycle Shift-Dir - straight line, f/p - ogre
Aim: an ogre, wielding a +0 giant club (severely wounded, 76% to hit)
You shoot a bolt. The bolt hits the ogre.
The ogre is almost dead.
The ogre hits you with a +0 giant club!
The ogre hits you with a +0 giant club!!
* * * LOW HITPOINT WARNING * * *
Shoot: a) +0 hand crossbow
Press: ? - help, Q - select action, (/) - cycle Shift-Dir - straight line, f/p - ogre
Aim: an ogre, wielding a +0 giant club (almost dead, 76% to hit)
You shoot a bolt.
The bolt hits the ogre but does no damage.
The ogre is almost dead.
The ogre hits you with a +0 giant club!!
You die...

.#......##....##..##..####+####.
##..###+##........##..##........
##..##..##....†.................
........+.......................
........##..........#.#########.
........##..#.♣.♣.#.#.###...###
........................'......
...<........♣.♣.♣.♣....(#.(..?.
..............._@O......# .....,
............♣.♣.♣.♣.<...# ....,
........................# ...
#######..#..#.♣.♣.#..#### #. # *
####..........#.. * ..*
#.....#####.... ..# ####### ...
, ..# .. , ### *,...


You could see an ogre.

Vanquished Creatures
  A hound (D:4)
  2 iguanas
  4 adders
  2 worms (D:3)
  4 dart slugs
  An orc (D:3)
  8 ball pythons
  3 endoplasms
  5 giant cockroaches
  7 hobgoblins
  6 jackals
  7 quokkas
  4 bats
  A frilled lizard (D:1)
  6 goblins
  4 kobolds
  8 rats
73 creatures vanquished.

Notes
Turn   | Place    | Note
-------+----------+-------------------------------------------
     0 | D:1      | jfcaron the Deep Dwarf Arcane Marksman began the quest for
                  | the Orb.
     0 | D:1      | Reached XP level 1. HP: 16/16 MP: 2/2
    36 | D:1      | Reached skill level 1 in Fighting
    68 | D:1      | Reached XP level 2. HP: 25/25 MP: 3/3
   273 | D:1      | You fall into a shaft and drop 1 floor!
   310 | D:2      | Reached XP level 3. HP: 7/31 MP: 5/5
   445 | D:2      | HP: 6/31 [jackal (1)]
   458 | D:2      | HP: 4/31 [jackal (2)]
  1222 | D:1      | Reached skill level 3 in Crossbows
  1285 | D:1      | Reached XP level 4. HP: 18/39 MP: 6/6
  1963 | D:3      | Reached skill level 1 in Armour
  2357 | D:3      | Reached XP level 5. HP: 9/45 MP: 6/6
  2501 | D:4      | Reached skill level 4 in Crossbows
  2508 | D:4      | Found an iron altar of Okawaru.
  2552 | D:4      | Noticed an ogre
  2636 | D:4      | HP: 2/45 [ogre/+0 giant club (16)]
  2637 | D:4      | Demolished by an ogre

Illustrated notes

Levels and vault maps discovered:
D:1:      minmay_arrival_solitary_statue, layout_basic, patterned_corridor
D:2:      layout_rooms
D:3:      layout_loops_cross
D:4:      layout_gridville, okawaru_trees_1, uniq_robin

Skill      XL: |  1  2  3  4  5 |
---------------+----------------+-----
Fighting       | 1 2 |  2.0
Crossbows      | 3 4 |  4.1
Hexes          | 3 |  3.0
Armour         | 1 2 |  2.6
Dodging        | |  2.1
Spellcasting   | |  1.7

Action                   |  1- 3 |  4- 6 || total
-------------------------+-------+-------++-------
 Fire: Hand crossbow     |   184 |   154 ||   338
Throw: Dart              |       |     7 ||     7
       Throwing net      |       |     3 ||     3
 Cast: Slow              |    11 |       ||    11
 Abil: Heal Wounds       |     2 |     4 ||     6
Armor: Robe              |    39 |       ||    39
       Chain mail        |       |    71 ||    71
Dodge: Dodged            |   112 |    51 ||   163
Block: Other             |       |    16 ||    16

Table legend: (Time is in decaauts)
 A = Elapsed time spent in this place.
 B = Non-inter-level travel time spent in this place.
 C = Inter-level travel time spent in this place.
 D = Time resting spent in this place.
 E = Time spent auto-exploring this place.
 F = Levels seen in this place.
 G = Mean time per level.
                   A        B        C        D        E       F      G
               +--------+--------+--------+--------+--------+-----+--------+
         Total |   2830 |   2658 |    172 |    211 |   1561 |   4 |  707.5 |
       Dungeon |   2830 |   2658 |    172 |    211 |   1561 |   4 |  707.5 |
               +--------+--------+--------+--------+--------+-----+--------+

Top non-repeatable levels by time:
     D:1: 1025 daAuts
     D:3: 878 daAuts
     D:2: 647 daAuts
     D:4: 279 daAuts
